 Dungeon Crawl Stone Soup version 0.27-a0-216-g1fbed8a51c (webtiles) character file.

Game seed: 12743843548109460296

29 dolemite99 the Chiller (level 3, -1/31 HPs)
             Began as a Troll Ice Elementalist on Feb 1, 2021.
             Slain by a kobold
             ... wielding a +0 whip
              (6 damage)
             ... on level 2 of the Dungeon.
             The game lasted 00:01:15 (1511 turns).

dolemite99 the Chiller (Troll Ice Elementalist)     Turns: 1511, Time: 00:01:16

Health: -1/31      AC:  6    Str: 17    XL:     3   Next: 1%
Magic:  3/3        EV: 10    Int: 11    God:
Gold:   25         SH:  0    Dex: 10    Spells: 3/4 levels left

rFire    . . .     SeeInvis .     - Unarmed
rCold    . . .     Faith    .   (no shield)
rNeg     . . .     Spirit   .   a - +0 robe
rPois    .         Reflect  .   (helmet restricted)
rElec    .         Harm     .   (no cloak)
rCorr    .         Rampage  .   (gloves unavailable)
Will     .....                  (boots unavailable)
Stlth    +.........             (no amulet)
HPRegen  0.50/turn              (no ring)
MPRegen  0.08/turn              (no ring)

@: no status effects
A: large, unfitting armour, claws 3, regeneration 1, shaggy fur 1, tough skin 3
a: no special abilities


You were on level 2 of the Dungeon.
You visited 1 branch of the dungeon, and saw 2 of its levels.

You collected 25 gold pieces.

Inventory:

Hand Weapons
 j - a +0 hunting sling
Missiles
 b - 16 stones
Armour
 a - a +0 robe (worn)
Scrolls
 d - a scroll of noise {unknown}
 e - a scroll of teleportation {unknown}
 f - 2 scrolls of blinking {unknown}
 h - a scroll of magic mapping {unknown}
 k - a scroll of amnesia {unknown}
 n - a scroll of random uselessness {unknown}
Potions
 c - a potion of degeneration {unknown}
 g - 2 potions of curing {unknown}
 i - a potion of resistance {unknown}
 l - a potion of heal wounds {unknown}
 m - a potion of cancellation {unknown}


   Skills:
 - Level 1.5 Dodging
 - Level 1.0 Stealth
 + Level 2.7 Unarmed Combat
 - Level 1.2 Spellcasting
 - Level 2.9 Ice Magic


You had 3 spell levels left.
You knew the following spells:

 Your Spells              Type           Power        Failure   Level
a - Freeze                Ice            28%          10%         1

Your spell library contained the following spells:

 Spells                   Type           Power        Failure   Level
 Frozen Ramparts          Ice            14%          28%         3
 Ozocubu's Armour         Ice            7%           28%         3
 Hailstorm                Conj/Ice       3%           86%         4
 Summon Ice Beast         Ice/Summ       3%           86%         4


Dungeon Overview and Level Annotations

Branches:
Dungeon (2/15)

Altars:


Innate Abilities, Weirdness & Mutations

You are too large for most types of armour.
You have claws for hands.
Your natural rate of healing is unusually fast.
You are covered in fur. (AC +1)
You have extremely tough skin. (AC +3)


Message History

The worm is heavily wounded.
The kobold barely misses you. The worm bites you but does no damage.
You barely miss the worm. You claw the worm.
The worm is heavily wounded.
The kobold hits you but does no damage.
You barely miss the worm.
The worm is heavily wounded.
The worm barely misses you. The kobold hits you but does no damage.
You scratch the worm but do no damage.
The worm is heavily wounded.
The kobold closely misses you. The worm bites you!
You scratch the worm.
The worm is heavily wounded.
The kobold hits you but does no damage.
You scratch the worm.
The worm is severely wounded.
The worm bites you.
* * * LOW HITPOINT WARNING * * *
The kobold hits you with a +0 whip.
You die...

## # # ##. ##. .##
#..##..# #..#
#..##.K## ##w.#
#..##... ##@.#
##..##..##K.##
##).##....#####
##..##..##...
##....###.#
##..##... ##..#.#.#
# ##...#.#
##############..#.#


You could see a worm and a kobold.

Vanquished Creatures
  An ooze (D:1)
  2 worms (D:2)
  2 hobgoblins (D:1)
  2 bats
  3 frilled lizards
  3 goblins
  5 kobolds
  4 rats
22 creatures vanquished.

Notes
Turn   | Place    | Note
-------+----------+-------------------------------------------
     0 | D:1      | dolemite99 the Troll Ice Elementalist began the quest for
                  | the Orb.
     0 | D:1      | Reached XP level 1. HP: 16/16 MP: 1/1
   252 | D:1      | Reached skill level 1 in Unarmed Combat
   284 | D:1      | Reached XP level 2. HP: 23/24 MP: 2/2
  1259 | D:2      | Reached XP level 3. HP: 14/31 MP: 3/3
  1511 | D:2      | Slain by a kobold

Illustrated notes

Levels and vault maps discovered:
D:1:      noname_arrival_rooms_in_the_neighbourhood, layout_basic,
          feat_on_display
D:2:      minmay_alternating_diamond, layout_basic, minmay_distorted

Skill      XL: |  1  2 |
---------------+-------+-----
Unarmed Combat | 1 2 |  2.7
Dodging        | |  1.5
Stealth        | |  1.0
Spellcasting   | |  1.2
Ice Magic      | |  2.9

Action                   || total
-------------------------++-------
Melee: Unarmed           ||    81
       Punch             ||     1
 Stab: Sleeping          ||     1
Armor: Robe              ||    31
Dodge: Dodged            ||    24

Table legend: (Time is in decaauts)
 A = Elapsed time spent in this place.
 B = Non-inter-level travel time spent in this place.
 C = Inter-level travel time spent in this place.
 D = Time resting spent in this place.
 E = Time spent auto-exploring this place.
 F = Levels seen in this place.
 G = Mean time per level.
                   A        B        C        D        E       F      G
               +--------+--------+--------+--------+--------+-----+--------+
         Total |   1507 |   1460 |     47 |    344 |    870 |   2 |  753.5 |
       Dungeon |   1507 |   1460 |     47 |    344 |    870 |   2 |  753.5 |
               +--------+--------+--------+--------+--------+-----+--------+

Top non-repeatable levels by time:
     D:1: 988 daAuts
     D:2: 519 daAuts
